 Dungeon Crawl Stone Soup version 0.20-a0-40-gb6e7b4f (webtiles) character file.

21773 Gorfmaster the Nimble (level 12, -8/75 HPs)
             Began as a Felid Chaos Knight on Nov 11, 2016.
             Shot with a bolt by a yaktaur (21 damage)
             ... on level 13 of the Dungeon.
             The game lasted 02:01:21 (19738 turns).

Gorfmaster the Nimble (Felid Chaos Knight)         Turns: 19738, Time: 02:01:23

Health: -8/75      AC:  5    Str: 14      XL:     12   Next: 57%
Magic:  15/15      EV: 35    Int: 14      God:    Xom [.*....]
Gold:   260        SH:  0    Dex: 25 (26) Spells: 1 memorised, 8 levels left
                                        Lives:  0   Deaths: 3

rFire  + + .     SeeInvis +       - Unarmed
rCold  . . .     Gourm    .     (armour unavailable)
rNeg   . . .     Faith    .     (shield unavailable)
rPois  +         Spirit   .     (helmet unavailable)
rElec  .         Reflect  .     (cloak unavailable)
rCorr  .         Harm     .     (gloves unavailable)
MR     +....                    (boots unavailable)
Stlth  +++++++...               C - amulet of Vitality {Regen+ HP+15}
                                O - ring of Starshine {rPois rF+ rC- Str+6 Stlth+}
                                r - +4 ring of dexterity

@: quick
A: no armour, no weapons or thrown items, stealth, claws 1, fangs 3, horns 2,
repulsion field 1, icy blue scales 1, see invisible, agile 1, carnivore 3, fire
resistance 1, speed 1, high mp 1, sense surroundings 1, shaggy fur 3, slow
metabolism 1, sharp paws
a: Renounce Religion


You were on level 13 of the Dungeon.
You worshipped Xom.
You were a plaything of Xom.
You were completely stuffed.

You visited 2 branches of the dungeon, and saw 14 of its levels.
You also visited: Sewer and Ice Cave.

You collected 839 gold pieces.
You spent 579 gold pieces at shops.

Inventory:

Armour
 n - a +1 hat of spirit shield
 o - a +2 robe of resistance
Magical Staves
 I - an uncursed staff of death {unknown}
Jewellery
 e - an uncursed ring of protection from cold
 r - a +4 ring of dexterity (left paw)
 B - an uncursed ring of protection from fire
 C - the amulet of Vitality (around neck) {Regen+ HP+15}
   (You found it on level 11 of the Dungeon)

   [amulet of regeneration]

   It affects your health (+15).
   It increases your rate of regeneration.
 O - the ring of Starshine (right paw) {rPois rF+ rC- Str+6 Stlth+}
   (You bought it in a shop on level 11 of the Dungeon)

   [ring of protection from fire]

   It affects your strength (+6).
   It protects you from fire.
   It makes you vulnerable to cold.
   It protects you from poison.
   It makes you more stealthy.
 S - an uncursed ring of ice
Wands
 c - a wand of polymorph (14/24)
 g - a wand of polymorph (7/24)
 w - a wand of iceblast (4/15)
 A - a wand of digging (9/24)
 E - a wand of random effects (23/48)
 G - a wand of iceblast (3/15)
 H - a wand of flame (29/48)
 J - a wand of flame (32/48)
 K - a wand of paralysis (3/24)
 L - a wand of teleportation (1/9)
 M - a wand of polymorph (13/24)
 R - a wand of lightning (3/15)
Scrolls
 b - 5 scrolls of fog
 d - 5 scrolls of remove curse
 h - 5 scrolls of amnesia
 q - a scroll of fear
 u - a scroll of teleportation
 Q - a scroll of enchant weapon
 T - a scroll of recharging
 U - a scroll of identify
 W - a scroll of magic mapping {unknown}
Potions
 i - a potion of berserk rage
 j - 3 potions of flight
 l - a potion of ambrosia {unknown}
 p - 2 potions of lignification
 s - 2 potions of might
 t - a potion of brilliance {unknown}
 v - 2 potions of invisibility
 D - a potion of resistance
 N - a potion of agility
 V - a potion of magic {unknown}
Books
 z - a book of Maledictions

   Spells                             Type                      Level
   a - Corona                         Hexes                        1
   b - Ensorcelled Hibernation        Hexes/Ice                    2
   c - Confuse                        Hexes                        3
   d - Tukima's Dance                 Hexes                        3
   e - Dazzling Spray                 Conjuration/Hexes            3
Miscellaneous
 y - a sack of spiders
 P - a lamp of fire
Comestibles
 a - 6 meat rations
 f - 3 royal jellies
 k - 6 beef jerkies
 m - 8 slices of pizza
 x - 6 chunks of flesh


   Skills:
 + Level 11.3 Fighting
 * Level 13.5 Dodging
 + Level 13.3 Stealth
 * Level 11.6 Unarmed Combat
 + Level 0.1 Spellcasting
 - Level 8.0 Hexes
 - Level 2.0 Evocations


You had 8 spell levels left.
You knew the following spells:

 Your Spells              Type           Power        Failure   Level  Hunger
a - Confuse               Hex            ###.....     3%          3    ####...


Dungeon Overview and Level Annotations

Branches:
Dungeon (13/15)            Temple (0/1) D:4            Lair (1/6) D:8
    Orc (0/2) D:12
 Vaults: D:13-14

Altars:
Ashenzari
Dithmenos
Elyvilon
Makhleb
Okawaru
Trog
Xom
Zin
The Shining One

Shops:
D:5 (   D:11 (=

Annotations:
D:6 Joseph; Killer1's ghost, novice MiBe


Innate Abilities, Weirdness & Mutations

You cannot wear armour.
You are incapable of wielding weapons or throwing items.
Your paws allow you to move quietly. (Stealth)
You have sharp claws.
You have razor-sharp teeth.
You have supernaturally acute eyesight. (SInv)
You are carnivorous and can eat meat at any time.
You cover ground quickly.
Your thick and shaggy fur keeps you warm. (AC +3, rC+)
You have a slow metabolism.
Your sharp claws are effective at attacking unaware monsters.
You have a pair of horns on your head.
You are surrounded by a mild repulsion field. (EV +2)
You are partially covered in icy blue scales. (AC +2)
You are agile. (Dex +2)
Your flesh is heat resistant. (rF+)
You have an increased reservoir of magic. (+10% MP)
You passively map a small area around you.


Message History

The white imp disappears in a puff of smoke!
The yaktaur shoots a bolt.
The bolt completely misses you.
You see here a bolt.
You open the door.
The yaktaur shoots a bolt.
The bolt hits you!!
* * * LOW HITPOINT WARNING * * *
The yaktaur shoots a bolt.
The bolt closely misses you.
There is an open door here.
You see here a bolt.
The soul eater hits you.
* * * LOW HITPOINT WARNING * * *
Things that are here:
a giant spiked club; a giant club; a two-headed ogre skeleton
There is a stone staircase leading up here.
Xom makes a sudden noise!
You hear a piteous moan.
You hear a shout!
Something shouts, "Flee, thou surly elf-skinned clam!"
You hear a shout! x2; You hear a chilling moan.
The yaktaur shoots a bolt.
The bolt hits you!!
You die...
Xom chortles!

,.......)(#, #.....#............
....c..#.###+#(#####............
....5..#.......#.........#######
##..a5.#.......#'######+## ,
#..c..#.ยง..).....[.......
#######.................. ,,
.......###'#'###.......
.....5#...Z...#....... ,
#....#...3@..######..
#....#...)........ ,.
#....#4...........*
#...5(............*
#...(#............
#..cZ#............ , ,
#....############# C
####........... , S *
.....c......(.. ,


You could see a soul eater, an orange demon, a yaktaur, a shadow imp and a wolf
spider zombie.

Vanquished Creatures
  A frost giant (IceCv)
  Harold (D:10)
  The ghost of Oroborous the Basher, a novice TrSk of Kikubaaqudgha (D:9)
  An unseen horror (D:11)
  4 hill giants
  A wolf spider zombie (D:12)
  2 ugly things (D:11)
  A cyclops (D:12)
  An ice statue (IceCv)
  A gargoyle (D:11)
  A spiny frog (Lair:1)
  A komodo dragon (Lair:1)
  A rime drake (IceCv)
  A yaktaur (D:13)
  16 polar bears (IceCv)
  2 hornets
  2 two-headed ogres
  A troll (D:12)
  3 slime creatures
  5 hippogriffs
  A wraith (D:11)
  2 hogs (D:8)
  25 yaks
  A vampire (D:13)
  A steam dragon (D:8)
  2 hungry ghosts
  A human (D:8)
  2 wargs
  2 water moccasins
  A phantom (D:8)
  5 orc warriors
  2 ice beasts (D:10)
  A sky beast (D:12)
  8 ogres
  16 wolves (IceCv)
  A boggart (D:8)
  8 centaurs
  A crocodile (Lair:1)
  7 big kobolds
  2 wyvern zombies
  2 gnoll sergeants (D:12)
  5 bullfrogs
  4 scorpions
  2 lava snakes (D:10)
  2 centaur zombies
  5 howler monkeys
  5 crimson imps
  2 bullfrog zombies
  3 bullfrog skeletons
  A hound (D:5)
  7 orc priests
  An iron imp (D:6)
  3 jellies
  2 centaur skeletons
  3 iguanas
  8 orc wizards
  10 worker ants
  A howler monkey zombie (D:7)
  A worker ant zombie (D:9)
  14 adders
  8 gnolls
  4 shadow imps
  3 oozes
  4 adder skeletons
  10 worms
  3 dart slugs
  4 leopard geckos
  48 orcs
  2 ball pythons
  8 giant cockroaches
  5 goblins
  8 hobgoblins
  3 jackals (D:1)
  3 quokkas
  4 bats
  7 frilled lizards
  20 kobolds
  A quokka zombie (D:8)
  15 rats
377 creatures vanquished.

Vanquished Creatures (collateral kills)
  A manticore (D:12)
  A yak (D:11)
  A phantom (D:4)
  An ogre (D:11)
  2 iron imps (D:6)
  2 orcs (D:12)
  A ball python (Sewer)
9 creatures vanquished.

Vanquished Creatures (others)
  A polar bear (IceCv)
  A slime creature (D:11)
  A wyvern (D:11)
  A hog (D:8)
  An orc warrior (D:12)
  A wolf (IceCv)
  A big kobold (D:12)
  A howler monkey (D:13)
  5 orcs (D:12)
  A plant (Lair:1)
14 creatures vanquished.

Grand Total: 400 creatures vanquished

Notes
Turn   | Place    | Note
-------+----------+-------------------------------------------
     0 | D:1      | Gorfmaster the Felid Chaos Knight began the quest for the Orb.
     0 | D:1      | Reached XP level 1. HP: 10/10 MP: 2/2
     7 | D:1      | XOM: divination: detect creatures
    45 | D:1      | Reached skill level 1 in Stealth
    47 | D:1      | XOM: divination: detect creatures
   116 | D:1      | Reached XP level 2. HP: 14/14 MP: 3/3
   354 | D:1      | XOM: silly message
   708 | D:1      | XOM: divination: detect creatures
   717 | D:1      | XOM: silly message
   940 | D:2      | XOM: silly message
   966 | D:2      | Reached XP level 3. HP: 17/17 MP: 4/4
  1328 | D:2      | Reached XP level 4. HP: 21/21 MP: 5/5
  1642 | D:2      | XOM: cast spell 'Dispersal'
  1754 | D:1      | XOM: cloud trail
  1973 | D:2      | XOM: scenery: create altars
  1977 | D:2      | XOM: god gift: embroidered hat {god gift}
  2025 | D:2      | XOM is BORED!
  2046 | D:2      | XOM: god gift: runed robe {god gift}
  2168 | D:2      | Upgraded the game from 0.20-a0-39-g8de2fe2 to 0.20-a0-40-gb6e7b4f
  2219 | D:2      | XOM: scenery: create altars
  2350 | D:3      | XOM: butterfly on damage
  2497 | D:3      | XOM: god gift: scroll labeled PERUAST BOAMON {god gift}
  2829 | D:3      | XOM: give mutations
  2829 | D:3      | Gained mutation: Your spells are a little harder to cast, but a little more powerful. [Xom's grace]
  2829 | D:3      | Gained mutation: Your muscles are strong. (Str +2) [Xom's grace]
  2829 | D:3      | Gained mutation: You possess an exceptional clarity of mind. [Xom's grace]
  2829 | D:3      | Gained mutation: Your muscles are very strong. (Str +4) [Xom's grace]
  2842 | D:3      | XOM: give mutations
  2842 | D:3      | Gained mutation: You are surrounded by a mild repulsion field. (EV +2) [Xom's grace]
  2842 | D:3      | Gained mutation: Your system is resistant to poisons. (rPois) [Xom's grace]
  2842 | D:3      | Gained mutation: Your flesh is cold resistant. (rC+) [Xom's grace]
  2993 | D:3      | XOM: god gift: scroll labeled EMIARPH ZOPRIDE {god gift}
  3019 | D:4      | Reached XP level 5. HP: 24/24 MP: 6/6
  3057 | D:4      | Found a glowing golden altar of the Shining One.
  3090 | D:4      | Found a staircase to the Ecumenical Temple.
  3090 | D:4      | XOM: 9-stop teleportation journey
  3270 | D:4      | Noticed a phantom
  3290 | D:4      | XOM: cast spell 'Summon Hydra'
  3290 | D:4      | XOM: butterfly on damage
  3298 | D:4      | Killed a phantom
  3298 | D:4      | Reached skill level 5 in Dodging
  3430 | D:3      | XOM: scenery: create altars
  3456 | D:3      | XOM: god gift: bread ration
  3510 | D:4      | Found a shattered altar of Ashenzari.
  3559 | D:4      | XOM: god gift: curved ivory wand {god gift}
  3565 | D:4      | XOM: 3-stop teleportation journey
  3652 | D:3      | XOM: give mutations
  3652 | D:3      | Gained mutation: You have an increased reservoir of magic. (+10% MP) [Xom's grace]
  3652 | D:3      | Gained mutation: You are somewhat resistant to further mutation. [Xom's grace]
  3652 | D:3      | Gained mutation: You are partially covered in molten scales. (AC +2) [Xom's grace]
  3652 | D:3      | Gained mutation: Your mind is acute. (Int +2) [Xom's grace]
  3867 | D:4      | Reached skill level 5 in Stealth
  3867 | D:4      | Gained mutation: You are covered in thick fur. (AC +2) [Felid growth]
  3867 | D:4      | Reached XP level 6. HP: 28/28 MP: 7/7
  3924 | D:4      | XOM: polymorph worker ant -> scorpion
  3925 | D:4      | XOM: potion effect (might)
  4221 | D:4      | XOM: cast spell 'Confusing Touch'
  4472 | D:5      | Entered Level 5 of the Dungeon
  4515 | D:5      | Found Ihag's Antique Weapon Shoppe.
  4546 | D:5      | Found a glowing drain.
  4550 | Sewer    | Entered a sewer
  4571 | Sewer    | XOM: summons friendly quasit
  4583 | Sewer    | Reached XP level 7. HP: 21/33 MP: 8/8
  4717 | Sewer    | XOM: cast spell 'Alistair's Intoxication'
  4784 | Sewer    | XOM: potion effect (haste)
  4854 | Sewer    | Reached skill level 5 in Fighting
  5105 | Sewer    | XOM is BORED!
  5155 | Sewer    | XOM: 4-stop teleportation journey
  5410 | Sewer    | XOM: mild Erth miscast
  5439 | Sewer    | Reached skill level 5 in Unarmed Combat
  5639 | D:5      | Found an iron altar of Okawaru.
  5640 | D:5      | Found a shadowy altar of Dithmenos.
  5751 | D:5      | Reached XP level 8. HP: 38/38 MP: 9/9
  6000 | D:5      | XOM: draining
  6290 | D:6      | Noticed Killer1's ghost (novice MiBe)
  6290 | D:6      | XOM: 1-stop teleportation journey
  6625 | D:6      | XOM: summons 3 hostile demons
  6626 | D:6      | Noticed a red devil
  6631 | D:6      | Slain by an iron imp
  6632 | D:6      | Reached XP level 7. HP: 0/34 MP: 8/8
  6732 | D:6      | XOM: summons 4 hostile shadow creatures
  6853 | D:6      | Noticed a cyclops
  6900 | D:5      | XOM: god gift: sack of spiders
  7036 | D:5      | XOM: give mutation
  7036 | D:5      | Gained mutation: You are partially covered in icy blue scales. (AC +2) [Xom's grace]
  7038 | D:5      | XOM: harmless Hex miscast
  7189 | D:6      | XOM: butterfly on damage
  7243 | D:5      | XOM: scenery: create altars
  7310 | D:5      | XOM: fog
  7588 | D:6      | Found a burning altar of Makhleb.
  7602 | D:6      | XOM: summons 7 friendly demons
  7693 | D:6      | XOM: fake destruction
  7988 | D:7      | Noticed a hippogriff
  7992 | D:7      | XOM: destruction
  8000 | D:6      | Killed a hippogriff
  8141 | D:6      | XOM: give mutations
  8141 | D:6      | Lost mutation: Your muscles are very strong. (Str +4) [Xom's mischief]
  8141 | D:6      | Lost mutation: You possess an exceptional clarity of mind. [Xom's mischief]
  8149 | D:6      | XOM: give mutations
  8149 | D:6      | Gained mutation: You have a pair of small horns on your head. [Xom's grace]
  8149 | D:6      | Gained mutation: You have a pair of horns on your head. [Xom's grace]
  8149 | D:6      | Gained mutation: Your mind is very acute. (Int +4) [Xom's grace]
  8172 | D:7      | Reached XP level 8. HP: 37/39 MP: 9/9
  8175 | D:7      | Noticed Joseph
  8187 | D:7      | XOM: destruction
  8251 | D:6      | XOM: god gift: scroll of fear
  8514 | D:5      | XOM: god gift: bread ration
  8622 | D:7      | Learned a level 3 spell: Confuse
  8686 | D:7      | XOM: butterfly on damage
  8915 | D:7      | XOM: polymorph electric eel -> adder
  9167 | D:7      | Reached skill level 1 in Hexes
 10109 | D:7      | XOM: scenery: create altars
 10113 | D:7      | XOM: god gift: beef jerky
 10216 | D:7      | Slain by an orc warrior
 10217 | D:7      | Reached XP level 7. HP: -3/36 MP: 8/8
 10388 | D:8      | XOM: potion effect (might)
 10592 | D:7      | XOM: give mutations
 10592 | D:7      | Gained mutation: Your flesh is very cold resistant. (rC++) [Xom's grace]
 10592 | D:7      | Gained mutation: Your flesh is almost immune to the effects of cold. (rC+++) [Xom's grace]
 10592 | D:7      | Lost mutation: You are somewhat resistant to further mutation. [Xom's grace]
 10592 | D:7      | Gained mutation: You evolve. [Xom's grace]
 10592 | D:7      | Gained mutation: You passively map a small area around you. [Xom's grace]
 10809 | D:8      | Noticed a hippogriff
 10886 | D:7      | Reached XP level 8. HP: 14/40 MP: 9/9
 11198 | D:8      | Found a bloodstained altar of Trog.
 11198 | D:8      | Found a glowing silver altar of Zin.
 11217 | D:8      | Killed a hippogriff
 11291 | D:8      | Found a staircase to the Lair.
 11443 | D:8      | XOM: confuse monster(s)
 11465 | D:8      | XOM: mild Pois miscast
 11469 | D:8      | XOM: polymorph warg -> boggart
 11689 | D:8      | XOM: mild Chrm miscast
 11724 | D:8      | Found a white marble altar of Elyvilon.
 11754 | D:8      | Reached XP level 9. HP: 44/44 MP: 10/10
 11763 | D:8      | XOM: enchant monster (good)
 11767 | D:8      | XOM: god gift: 17 arrows
 11864 | D:7      | XOM: give mutations
 11864 | D:7      | Gained mutation: You rapidly evolve. [Xom's grace]
 11864 | D:7      | Gained mutation: Your thick and shaggy fur keeps you warm. (AC +3, rC+) [Xom's grace]
 11864 | D:7      | Gained mutation: Your flesh is heat resistant. (rF+) [Xom's grace]
 11864 | D:7      | Gained mutation: You passively map the area around you. [Xom's grace]
 11976 | D:7      | XOM: give mutations
 11976 | D:7      | Lost mutation: Your muscles are strong. (Str +2) [Xom's mischief]
 11976 | D:7      | Lost mutation: Your system is resistant to poisons. (rPois) [Xom's mischief]
 11976 | D:7      | Lost mutation: Your spells are a little harder to cast, but a little more powerful. [Xom's mischief]
 11976 | D:7      | Lost mutation: Your flesh is almost immune to the effects of cold. (rC+++) [Xom's mischief]
 12016 | D:7      | XOM: mild Chrm miscast
 12349 | D:9      | XOM: stealth player
 12369 | D:9      | XOM: 1-stop teleportation journey
 12419 | D:9      | Noticed a hill giant
 12602 | D:9      | XOM is BORED!
 12625 | D:9      | XOM: enchant monster (good)
 12626 | D:9      | Killed a hill giant
 12631 | D:9      | Noticed Oroborous's ghost (novice TrSk)
 12779 | D:9      | XOM: cast spell 'Ice Form'
 12781 | D:9      | XOM: butterfly on damage
 12792 | D:9      | Killed Oroborous's ghost
 12792 | D:9      | Reached skill level 5 in Hexes
 12792 | D:9      | Reached XP level 10. HP: 23/49 MP: 12/12
 12847 | D:9      | XOM: give mutations
 12847 | D:9      | Lost mutation: Your flesh is very cold resistant. (rC++) [Xom's mischief]
 12847 | D:9      | Lost mutation: Your mind is very acute. (Int +4) [Xom's mischief]
 12847 | D:9      | Lost mutation: You are partially covered in molten scales. (AC +2) [Xom's mischief]
 12847 | D:9      | Lost mutation: Your flesh is cold resistant. (rC+) [Xom's mischief]
 12895 | D:9      | Lost mutation: You rapidly evolve. [end of evolution]
 12938 | D:9      | XOM: summons 3 hostile demons
 13503 | Lair:1   | Entered Level 1 of the Lair of Beasts
 13516 | Lair:1   | Noticed an eight-headed hydra
 13557 | D:10     | Entered Level 10 of the Dungeon
 13602 | D:10     | XOM: summons 3 hostile demons
 13861 | D:10     | Reached skill level 10 in Stealth
 13894 | D:10     | XOM: divination: magic mapping
 13927 | D:10     | XOM: god gift: 22 arrows
 13966 | D:10     | XOM: give mutation
 13966 | D:10     | Gained mutation: You are agile. (Dex +2) [Xom's grace]
 14209 | D:10     | XOM: confusion
 14212 | D:10     | XOM: summons friendly crimson imp
 14286 | D:10     | Noticed a gargoyle
 14434 | D:10     | XOM is BORED!
 14669 | D:10     | XOM: noise
 14744 | D:10     | XOM: swap monsters
 14745 | D:10     | XOM: summons friendly ufetubus
 14764 | D:10     | Killed from afar by a gargoyle
 14765 | D:10     | Reached XP level 9. HP: -1/46 MP: 10/10
 14854 | D:10     | XOM: noise
 14854 | D:10     | XOM: butterfly on damage
 14898 | D:10     | XOM: medium Conj miscast
 15119 | D:10     | Lost mutation: You evolve. [evolution]
 15133 | D:9      | XOM: harmless Ice miscast
 15197 | D:6      | XOM: butterfly on damage
 15291 | D:7      | XOM: summons 1 hostile demon
 15391 | D:7      | XOM: harmless Hex miscast
 15409 | D:7      | XOM: cleaving
 15424 | D:7      | XOM: butterfly on damage
 15424 | D:7      | XOM: smoke on damage
 15512 | D:7      | Reached skill level 10 in Dodging
 15775 | Lair:1   | Noticed a spiny frog
 15778 | Lair:1   | Noticed a komodo dragon
 15785 | Lair:1   | Killed a komodo dragon
 15799 | Lair:1   | Killed a spiny frog
 15799 | Lair:1   | Reached XP level 10. HP: 30/51 MP: 12/12
 16069 | Lair:1   | XOM: god gift: cabochon ring {god gift}
 16069 | Lair:1   | XOM: butterfly on damage
 16075 | Lair:1   | XOM: cleaving
 16078 | Lair:1   | XOM: blink monster(s)
 16089 | Lair:1   | XOM: summons 3 hostile demons
 16090 | Lair:1   | XOM: divination: detect items
 16308 | D:8      | XOM: give mutation
 16308 | D:8      | Lost mutation: Your mind is acute. (Int +2) [Xom's mischief]
 16441 | D:11     | Reached skill level 10 in Fighting
 16448 | D:11     | XOM: summons friendly ufetubus
 16546 | D:11     | XOM: summons 2 friendly demons
 16572 | D:11     | XOM: repel stairs
 16699 | D:11     | Noticed an unseen horror
 16701 | D:11     | Killed an unseen horror
 16779 | D:10     | Noticed Harold
 16783 | D:10     | Killed Harold
 16803 | D:10     | XOM: stat loss: -1 Str (7/8)
 16816 | D:10     | Reached skill level 10 in Unarmed Combat
 16853 | D:10     | Noticed a hill giant
 16862 | D:10     | Killed a hill giant
 16863 | D:10     | Found a bloodstained altar of Trog.
 17080 | D:11     | Found a frozen archway.
 17087 | IceCv    | Entered an ice cave
 17102 | IceCv    | Reached XP level 11. HP: 55/55 MP: 13/13
 17140 | IceCv    | XOM: summons friendly shadow imp
 17188 | IceCv    | XOM: cleaving
 17196 | IceCv    | XOM: confuse monster(s)
 17454 | IceCv    | XOM: mild Pois miscast
 17530 | IceCv    | XOM: give mutation
 17530 | IceCv    | Lost mutation: You passively map the area around you. [Xom's mischief]
 17573 | IceCv    | XOM: noise
 17588 | IceCv    | XOM: mild Tmut miscast
 17685 | IceCv    | Noticed a frost giant
 17705 | IceCv    | XOM: summons 2 friendly demons
 17723 | IceCv    | Killed a frost giant
 17820 | IceCv    | XOM: medium Hex miscast
 17949 | D:11     | Noticed a purple ugly thing
 17953 | D:11     | XOM: divination: detect items
 17973 | D:11     | XOM: scenery: create altars
 17985 | D:11     | Killed a purple ugly thing
 17985 | D:11     | Mutation became permanent: Your thick and shaggy fur keeps you warm. (AC +3, rC+) [Felid growth]
 17985 | D:11     | Reached XP level 12. HP: 60/60 MP: 14/14
 18120 | D:11     | XOM: smoke on damage
 18148 | D:11     | Found Toacyth's Antique Weapon Boutique.
 18151 | D:11     | XOM: summons 4 friendly demons
 18193 | D:11     | XOM: mild Pois miscast
 18218 | D:11     | Found Vycarhiy's Jewellery Shop.
 18218 | D:11     | XOM: 4-stop teleportation journey
 18230 | D:11     | Bought the ring of Starshine {rPois rF+ rC- Str+6 Stlth+} for 579 gold pieces
 18563 | D:12     | XOM: confuse monster(s)
 18618 | D:12     | XOM: 8-stop teleportation journey
 18697 | D:11     | XOM: god gift: thin runed staff {god gift}
 18772 | D:12     | XOM: cast spell 'Ring of Flames'
 18809 | D:12     | XOM: summons 12 friendly demons
 18856 | D:12     | XOM: scenery: create altars
 18861 | D:12     | Reached skill level 1 in Evocations
 18874 | D:12     | XOM: divine lightning
 18888 | D:12     | XOM: cleaving
 18948 | D:11     | XOM: destruction
 19072 | D:12     | Found a staircase to the Orcish Mines.
 19098 | D:12     | XOM: destruction
 19100 | D:12     | XOM: harmless Chrm miscast
 19134 | D:12     | XOM: cast spell 'Summon Small Mammal'
 19408 | D:12     | XOM: mild Hex miscast
 19604 | D:13     | XOM: summons 3 hostile demons
 19677 | D:13     | XOM: summons 2 hostile shadow creatures
 19690 | D:13     | XOM: medium Tmut miscast
 19699 | D:13     | XOM: summons 6 hostile demons
 19712 | D:13     | Noticed a centaur warrior
 19715 | D:13     | XOM: summons friendly quasit
 19719 | D:13     | XOM: scenery: create altars
 19723 | D:13     | XOM: divination: detect creatures
 19728 | D:13     | XOM: enchant monster (good)
 19738 | D:13     | XOM: noise
 19738 | D:13     | Shot with a bolt by a yaktaur

Vault maps used:
D:1:      dpeg_arrival_ratfight
D:2:      grunt_ministairs_14
D:4:      tso_metal_star, nicolae_overflow_hidden_temple, first_bread
D:5:      gammafunk_temple_overflow_statue, gup_sewer_entry_bowl, serial_shops,
          nicolae_shop_behind_doors
D:6:      demons_altar
D:7:      serial_bayou, serial_bayou_pond_b, serial_bayou_pond_a,
          serial_bayou_pond_b, serial_bayou_pond_d, uniq_joseph
D:8:      lemuel_round_altar, gammafunk_temple_overflow_elements,
          erik_lair_orcish_takeover, serial_glass, glass_columns_b,
          glass_columns_a, glass_columns_a, glass_columns_a, glass_columns_a,
          glass_columns_b, glass_columns_b, glass_columns_a, grunt_livestock,
          kennysheep_generic_room_9
D:10:     basic_altar, kennysheep_diamond, uniq_harold
D:11:     portal_ice_cave_entry_pillars_2, serial_shops,
          nicolae_shop_waterfront, shop, kennysheep_generic_room_3
D:12:     kennysheep_orc_monster_closet_entryway
D:13:     david_vaults_5, lemuel_flamethrower_3
Lair:1:   lemuel_centaur_altar
Sewer:    sewer_co_tree
IceCv:    ice_cave_caverns_03

Skill      XL: |  1  2  3  4  5  6  7  8  9 10 11 12 |
---------------+-------------------------------------+-----
Stealth        | 2 3 4 5 6 9 11 12 13 | 13.3
Dodging        | 4 5 6 8 7 10 12 13 | 13.5
Unarmed Combat | 4 6 7 8 10 11 | 11.6
Fighting       | 4 5 8 9 10 11 | 11.3
Hexes          | 2 4 5 7 8 |  8.0
Evocations     | 2 |  2.0
Spellcasting   | |  0.1

Action                   |  1- 3 |  4- 6 |  7- 9 | 10-12 || total
-------------------------+-------+-------+-------+-------++-------
Melee: Unarmed           |    85 |   192 |   539 |   658 ||  1474
       Bite              |     4 |    23 |    53 |    99 ||   179
       Punch             |       |     3 |    22 |    49 ||    74
       Headbutt          |       |       |    68 |   181 ||   249
 Cast: Confuse           |       |       |       |     5 ||     5
  Use: Scroll            |     6 |     7 |     9 |     9 ||    31
       Potion            |       |     1 |       |    11 ||    12
 Stab: Sleeping          |     8 |    11 |    20 |    24 ||    63
       Distracted        |       |       |     5 |     4 ||     9
       Confused          |       |       |     2 |     4 ||     6
       Paralysed         |       |       |     1 |       ||     1
  Eat: Chunk             |     8 |     6 |    30 |    18 ||    62
Armor: Skin              |     3 |     7 |    21 |    29 ||    60
Dodge: Dodged            |    57 |   131 |   391 |   614 ||  1193
